 Dungeon Crawl Stone Soup version 0.22-a0-362-g535178c5c5 (webtiles) character file.

63583 RKaid the Bludgeoner (level 14, -3/143 (144) HPs)
             Began as a Troll Chaos Knight on Apr 20, 2018.
             Slain by a death yak (19 damage)
             ... in an ice cave.
             The game lasted 01:14:42 (17771 turns).

RKaid the Bludgeoner (Troll Chaos Knight)          Turns: 17771, Time: 01:14:42

HP:   -3/143 (144)  AC: 15    Str: 24    XL:     14   Next: 68%
MP:   11/13         EV: 12    Int: 12    God:    Xom [...*..]
Gold: 1161          SH:  0    Dex:  9    Spells: 7/13 levels left

rFire    . . .     SeeInvis .   a - +0 giant spiked club
rCold    + . .     Gourm    +   (shield currently unavailable)
rNeg     . . .     Faith    .   J - +0 troll leather armour {regen}
rPois    +         Spirit   .   N - +2 hat {MR+}
rElec    .         Reflect  .   x - +2 cloak {+Inv}
rCorr    .         Harm     .   (gloves unavailable)
MR       ++...                  (boots unavailable)
Stlth    +.........             (no amulet)
HPRegen  1.13/turn              (no ring)
MPRegen  0.13/turn              (no ring)

@: mighty
A: large, unfitting armour, claws 3, icy blue scales 1, blurry vision 1, cold
resistance 1, fast metabolism 3, gourmand, poison resistance, regeneration 1,
shaggy fur 2, tough skin 2, weak 2, wild magic 1, MP-powered wands
a: Renounce Religion, Evoke Invisibility


You were in an ice cave.
You worshipped Xom.
You were a favourite toy of Xom.
You were very full.

You visited 2 branches of the dungeon, and saw 16 of its levels.
You also visited: Ice Cave.

You collected 1161 gold pieces.

Inventory:

Hand Weapons
 a - a +0 giant spiked club (weapon)
   (You found it on level 9 of the Dungeon)
 b - a +0 blowgun
   (You took it off a kobold on level 3 of the Dungeon)
 g - a +0 mace of chaos
 w - a +1 giant club
   (You took it off an ogre on level 4 of the Dungeon)
Missiles
 j - 76 poisoned needles
 p - a throwing net {=f}
 C - 11 curare-tipped needles
 E - 17 tomahawks (quivered)
 L - 5 needles of frenzy
 O - 4 large rocks {!d}
Armour
 v - a +2 robe of magic resistance
   (You took it off Erolcha on level 11 of the Dungeon)
 x - a +2 cloak of invisibility (worn)
   (You took it off Crazy Yiuf on level 4 of the Dungeon)
 J - a +0 troll leather armour (worn) {regen}
   (You found it on level 9 of the Dungeon)
 N - a +2 hat of magic resistance (worn)
   (You took it off Gastronok on level 1 of the Lair of Beasts)
 T - a scarf of repulsion
   (You found it on level 3 of the Lair of Beasts)
Magical Staves
 i - an uncursed staff of conjuration {!a}
   (You found it in an ice cave)
 G - an uncursed staff of wizardry {wiz+, !a}
   (You found it on level 9 of the Dungeon)
Jewellery
 r - an uncursed ring of fire {rF+, rC-}
   (You found it on level 2 of the Lair of Beasts)
Wands
 f - a wand of flame (17)
   (You found it on level 4 of the Dungeon)
 n - a wand of enslavement (12)
   (You found it on level 6 of the Dungeon)
 o - a wand of polymorph (15)
   (You found it on level 5 of the Lair of Beasts)
 A - a wand of acid (6)
   (You found it on level 2 of the Dungeon)
 D - a wand of digging (6)
   (You found it on level 4 of the Lair of Beasts)
 I - a wand of paralysis (11)
   (You took it off an orc on level 9 of the Dungeon)
 S - a wand of random effects (17)
   (You found it on level 2 of the Lair of Beasts)
 V - a wand of disintegration (7)
   (You found it on level 2 of the Lair of Beasts)
Scrolls
 l - a scroll of blinking {!r}
 q - 8 scrolls of magic mapping {!r}
 t - 6 scrolls of teleportation
 u - a scroll of fear
 B - a scroll of enchant weapon
 F - a scroll of amnesia
 H - 4 scrolls of fog
 K - 3 scrolls of immolation {!r}
 P - a scroll of enchant armour
Potions
 c - 6 potions of curing
 d - 2 potions of mutation {!q!q}
 e - 2 potions of flight
 h - a potion of brilliance {unknown}
 k - 2 potions of might
 m - 3 potions of haste
 s - 2 potions of magic
 z - a potion of ambrosia
 M - 2 potions of resistance
 Q - a potion of agility {unknown}
 R - 2 potions of cancellation
 U - a potion of invisibility
Comestibles
 y - 24 rations
 W - a chunk of flesh


   Skills:
 + Level 10.9 Fighting
 * Level 15.7 Maces & Flails
 - Level 6.0 Throwing
 - Level 7.1 Dodging
 + Level 3.5 Summonings
 + Level 3.2 Air Magic


You had 7 spell levels left.
You knew the following spells:

 Your Spells              Type           Power        Failure   Level  Hunger
a - Summon Lightning Spi  Summ/Air       ##......     75%         4    #####..
b - Poisonous Vapours     Pois/Air       #.....       38%         2    ###....


Dungeon Overview and Level Annotations

Branches:
Dungeon (11/15)            Temple (0/1) D:6            Lair (5/6) D:11
 Shoals (0/4) Lair:2        Snake (0/4) Lair:3
  Slime: Lair:5-6       Orc: D:9-12

Altars:
Cheibriados
Dithmenos
Elyvilon
Fedhas
Kikubaaqudgha
Makhleb
Qazlal
Sif Muna
Uskayaw
Xom
The Shining One
Beogh

Annotations:
D:6 exclusion: door
Lair:5 dricus's ghost, journeyman MfGl


Innate Abilities, Weirdness & Mutations

You are too large for most types of armour.
You have claws for hands.
Your metabolism is lightning-fast.
You like to eat raw meat.
Your natural rate of healing is unusually fast.
You are covered in thick fur. (AC +2)
You have very tough skin. (AC +2)
You are partially covered in icy blue scales. (AC +2)
Scrolls take you a little longer to read.
Your flesh is cold resistant. (rC+)
Your system is resistant to poisons. (rPois)
You are very weak. (Str -4)
Your spells are a little harder to cast, but a little more powerful.
You expend magic power (3 MP) to strengthen your wands.


Message History

[Y]es or [N]o only, please.
Really walk into that cloud of freezing vapour?
Okay, then.
You bludgeon the yak!!
You kill the yak!
You are engulfed in freezing vapours.
You resist.
The yak is engulfed in freezing vapours.
You enter the shallow water.
Moving in this stuff is going to be slow.
You are engulfed in freezing vapours.
You resist. "Let's go for a ride!"
Your surroundings suddenly seem different.
Your surroundings suddenly seem different.
Your surroundings suddenly seem different.
Your surroundings suddenly seem different.
Your surroundings suddenly seem different.
You start resting.
Eating one of 19 chunks of flesh.
You eat one of the 19 chunks of flesh.
This raw flesh tastes great.
Some of the chunks of flesh in your inventory have rotted away.
The wolf howls!
You barely miss the wolf. The wolf bites you. The wolf closely misses you.
You closely miss the wolf. The wolf closely misses you. The wolf bites you!
You barely miss the wolf.
The wolf bites you but does no damage. x2
You barely miss the wolf. The wolf misses you.
You barely miss the wolf. The wolf bites you but does no damage.
The wolf misses you.
You sock the wolf! The wolf closely misses you.
The wolf bites you but does no damage.
You hit the wolf. The wolf barely misses you.
You hit the wolf.
You kill the wolf!
You see here a wolf corpse.
You start resting.
You butcher the wolf corpse.
W - 8 chunks of flesh (gained 1) Some of the chunks of flesh in your inventory have rotted away.
You enter the shallow water.
Moving in this stuff is going to be slow.
You now have 1137 gold pieces (gained 19).
You now have 1161 gold pieces (gained 24).
Some of the chunks of flesh in your inventory have rotted away.
The frost giant shouts!
The yak bellows!
The frost giant points at you and mumbles some strange words.
The bolt of cold hits you! You resist.
Press: ? - help, v - describe, . - travel
Here: a frost giant, wielding a battleaxe of freezing The floor.
Evoke which item? (* to show all) (? for menu, Esc to quit)
Aiming: Disintegrate
Press: ? - help, Shift-Dir - straight line, f - frost giant
Aim: a frost giant, wielding a battleaxe of freezing (chance to defeat MR: 22%)
Okay, then.
Evoke which item? (* to show all) (? for menu, Esc to quit)
Okay, then.
Press: ? - help, v - describe, . - travel
Here: a frost giant, wielding a battleaxe of freezing The floor.
You feel very mighty all of a sudden.
Evoke which item? (* to show all) (? for menu, Esc to quit)
Aiming: Paralyse
Press: ? - help, Shift-Dir - straight line, f - frost giant
Aim: a frost giant, wielding a battleaxe of freezing (chance to defeat MR: 8%)
Okay, then.
Evoke which item? (* to show all) (? for menu, Esc to quit)
Aiming: Corrosive Bolt
Press: ? - help, Shift-Dir - straight line, f - frost giant
Aim: a frost giant, wielding a battleaxe of freezing The bolt of acid hits the frost giant.
The frost giant is splashed with acid.
You feel a surge of power!
You hear a bellow! x2
The frost giant points at you and mumbles some strange words.
The bolt of cold hits you! You resist.
The frost giant gestures at you while chanting.
The bolt of cold hits you! You resist.
The frost giant hits you with a battleaxe of freezing!
The frost giant freezes you.
You impale the frost giant!! "Over there now!"
The frost giant blinks!
You are now a favourite toy of Xom.
A yak comes into view.
You bludgeon the frost giant!! The frost giant casts a spell at you.
The bolt of cold hits you! You resist.
The yak moves out of view.
The death yak gores you but does no damage.
The yak snorts and paws the ground.
The frost giant hits you with a battleaxe of freezing!!
You emit a cloud of colourful smoke!
The frost giant freezes you!
* * * LOW HITPOINT WARNING * * *
The frost giant hits you with a battleaxe of freezing!!
* * * LOW HITPOINT WARNING * * *
The frost giant freezes you.
* * * LOW HITPOINT WARNING * * *
Really read
l - a scroll of blinking {!r}?
Really read with blurry vision while enemies are nearby?
The death yak gores you!!
You die...
Xom bursts into laughter!

##≈≈≈≈≈≈≈≈≈≈##∩§§§#§§.##.# #
≈≈≈≈#≈≈#≈≈≈.######Y.Y.#
####≈≈≈#####≈≈≈≈≈≈#####Y..##
≈≈#≈≈≈##....##≈≈≈≈≈≈≈ Y..###
#≈≈≈≈#≈..#...##≈≈≈≈≈≈ #YY..#
≈≈≈#≈≈.##.##..##≈≈≈≈≈
#Y....#
≈#######..#..##########C...#
###.###.#..#...##YYY##...#
#.⌠.#.########§@C##.Y.###
#.## ########## ###


You could see a frost giant, a death yak and 2 yaks.

Vanquished Creatures
  Gastronok (Lair:1)
  Erolcha (D:11)
  The ghost of Perturabo the Carver, a journeyman MiFi of Okawaru (D:11)
  A hydra (Lair:3)
  2 centaur warriors
  2 two-headed ogres
  Erica (Lair:1)
  The ghost of blubbertyp the Cleaver, a novice FoFi of Okawaru (D:9)
  Sonja (Lair:3)
  An unseen horror (D:10)
  The ghost of RKaid the Slinger, a novice HaAM of Fedhas (D:7)
  Pikel (D:8)
  An ugly thing (D:11)
  A cyclops (D:10)
  7 black mambas
  An ice statue (IceCv)
  A centaur zombie (D:11)
  Joseph (D:8)
  A guardian serpent (Lair:3)
  5 spiny frogs
  A gargoyle (D:10)
  2 rime drakes (Lair:5)
  6 komodo dragons
  6 polar bears (IceCv)
  A merfolk (D:10)
  2 trolls
  7 blink frogs
  The ghost of blubbertyp the Insei, an amateur OpTm (D:5)
  6 hippogriffs
  A shadow (D:11)
  6 basilisks
  28 yaks
  A wraith (D:10)
  2 wyverns
  11 orc warriors
  13 porcupines
  8 water moccasins
  3 sky beasts
  3 ice beasts
  A hornet zombie (D:9)
  5 ogres
  An eye of draining (D:11)
  A necrophage (D:7)
  5 phantoms
  15 wolves
  9 crocodiles
  9 centaurs
  A big kobold (D:9)
  8 bullfrogs
  A wyvern skeleton (D:11)
  4 scorpions
  8 wights
  3 howler monkeys
  A bullfrog zombie (D:7)
  A hound (D:11)
  12 orc priests
  A jelly (D:6)
  6 orc wizards
  Crazy Yiuf (D:4)
  A gnoll shaman (D:5)
  A centaur skeleton (D:4)
  4 iguanas
  Ijyb (D:3)
  Terence (D:2)
  5 worker ants
  13 gnolls
  8 adders
  4 shadow imps
  A worker ant simulacrum (D:10)
  An ooze (D:6)
  3 adder skeletons
  A worm (D:5)
  A dart slug (D:2)
  6 leopard geckos
  34 orcs
  7 giant cockroaches
  7 goblins
  5 hobgoblins
  13 jackals
  8 kobolds
  7 quokkas
  12 bats
  7 frilled lizards
  A jackal skeleton (D:4)
  A leopard gecko skeleton (D:4)
  A quokka skeleton (D:6)
  5 rats
  A fungus (D:11)
393 creatures vanquished.

Vanquished Creatures (collateral kills)
  A wizard (D:9)
  Prince Ribbit (D:7)
  2 blink frogs (Lair:2)
  A hungry ghost (D:9)
  Grum (D:8)
  A wolf (D:8)
  A bullfrog (D:9)
  2 wights (D:7)
  A hound (D:9)
  An orc wizard (D:7)
  2 adders
  3 orcs
  A quokka zombie (D:7)
18 creatures vanquished.

Vanquished Creatures (others)
  A spiny frog (Lair:2)
  A polar bear (IceCv)
  A yak (IceCv)
  A jelly (D:8)
  An adder zombie (D:5)
  2 orcs (D:11)
  A quokka (D:5)
  A bush (Lair:1)
  A fire vortex (Lair:1)
  4 fungi
  2 plants
16 creatures vanquished.

Grand Total: 427 creatures vanquished

Notes
Turn   | Place    | Note
-------+----------+-------------------------------------------
     0 | D:1      | RKaid the Troll Chaos Knight began the quest for the Orb.
     0 | D:1      | Reached XP level 1. HP: 22/22 MP: 0/0
   100 | D:1      | Reached skill level 3 in Maces & Flails
   108 | D:1      | Reached XP level 2. HP: 27/29 MP: 1/1
   209 | D:1      | XOM: divination: detect creatures
   216 | D:1      | XOM: potion effect (agility)
   375 | D:1      | XOM: divination: detect items
   441 | D:1      | XOM: silly message
   482 | D:1      | Reached XP level 3. HP: 31/36 MP: 2/2
   774 | D:2      | XOM: harmless Chrm miscast
   954 | D:2      | XOM: divination: magic mapping
   956 | D:2      | XOM: harmless Conj miscast
   967 | D:2      | XOM: smoke on damage
   971 | D:2      | Reached skill level 3 in Fighting
   971 | D:2      | HP: 7/37 [gnoll (9)]
   974 | D:2      | Reached skill level 4 in Maces & Flails
   974 | D:2      | Reached XP level 4. HP: 11/45 MP: 3/3
  1072 | D:2      | Found a deep blue altar of Sif Muna.
  1072 | D:2      | Found a snail-covered altar of Cheibriados.
  1114 | D:2      | Noticed a crocodile
  1114 | D:2      | an ooze changed into a crocodile
  1122 | D:2      | HP: 10/45 [crocodile (13)]
  1124 | D:2      | Gained mutation: You are weak. (Str -2) [potion of mutation]
  1124 | D:2      | Gained mutation: Scrolls take you a little longer to read. [potion of mutation]
  1124 | D:2      | Gained mutation: Your system is resistant to poisons. (rPois) [potion of mutation]
  1129 | D:2      | HP: 15/67 [crocodile (3)]
  1131 | D:2      | Killed a crocodile
  1131 | D:2      | Reached XP level 5. HP: 19/53 MP: 4/4
  1217 | D:2      | XOM: mild Conj miscast
  1293 | D:2      | XOM: mild Summ miscast
  1294 | D:2      | Noticed a spatial vortex
  1509 | D:3      | Noticed Terence
  1530 | D:2      | Killed Terence
  1530 | D:2      | Reached skill level 5 in Maces & Flails
  1747 | D:3      | XOM: silly message
  2018 | D:3      | Noticed Ijyb
  2027 | D:3      | Killed Ijyb
  2027 | D:3      | Reached XP level 6. HP: 62/62 MP: 5/5
  2120 | D:4      | XOM: harmless Summ miscast
  2125 | D:4      | Found a burning altar of Makhleb.
  2199 | D:4      | XOM: potion effect (curing)
  2327 | D:4      | Found a shadowy altar of Dithmenos.
  2329 | D:4      | Reached skill level 1 in Throwing
  2348 | D:4      | Reached skill level 4 in Fighting
  2395 | D:4      | XOM: silly message
  2511 | D:4      | Found a runed door.
  2515 | D:4      | Noticed Crazy Yiuf
  2523 | D:4      | Killed Crazy Yiuf
  2667 | D:4      | Noticed a porcupine
  2667 | D:4      | a hound changed into a porcupine
  2670 | D:4      | Killed a porcupine
  2670 | D:4      | Reached skill level 6 in Maces & Flails
  2670 | D:4      | Reached XP level 7. HP: 53/70 MP: 6/6
  3045 | D:4      | Reached skill level 2 in Throwing
  3124 | D:4      | XOM: torment (37/71 hp)
  3145 | D:4      | XOM: harmless Hex miscast
  3379 | D:5      | Entered Level 5 of the Dungeon
  3452 | D:5      | Noticed blubbertyp's ghost (amateur OpTm)
  3466 | D:5      | XOM: severe Air miscast
  3469 | D:5      | XOM: summons 2 hostile demons
  3470 | D:5      | Noticed a soul eater
  3508 | D:5      | Found a white marble altar of Elyvilon.
  3523 | D:5      | XOM: 1-stop teleportation journey
  3535 | D:5      | HP: 14/71 [something (5)]
  3536 | D:5      | HP: 5/71 [something (5)]
  3542 | D:5      | HP: 16/71 [sky beast (6)]
  3622 | D:5      | XOM: mild Necr miscast
  3840 | D:5      | XOM: torment (36/71 hp)
  3849 | D:5      | XOM: mild Summ miscast
  3851 | D:5      | XOM: summons 3 hostile demons
  3852 | D:5      | Noticed a sixfirhy
  3855 | D:5      | XOM: fake destruction
  3856 | D:5      | HP: 10/71 [sixfirhy[Xom] (10)]
  3969 | D:5      | XOM: swap monsters
  3978 | D:5      | Reached skill level 7 in Maces & Flails
  3992 | D:5      | Found an ancient bone altar of Kikubaaqudgha.
  4032 | D:5      | Reached XP level 8. HP: 79/79 MP: 7/7
  4042 | D:5      | XOM: swap monsters
  4068 | D:4      | Reached skill level 3 in Throwing
  4122 | D:5      | XOM: give mutations
  4122 | D:5      | Gained mutation: You are frail. (-10% HP) [Xom's mischief]
  4122 | D:5      | Gained mutation: You are very weak. (Str -4) [Xom's mischief]
  4122 | D:5      | Gained mutation: You evolve. [Xom's mischief]
  4185 | D:5      | Reached skill level 2 in Dodging
  4364 | D:5      | XOM: mild Conj miscast
  4503 | D:4      | Gained mutation: Your spells are a little harder to cast, but a little more powerful. [evolution]
  4590 | D:5      | XOM: give mutation
  4590 | D:5      | Lost mutation: You are frail. (-10% HP) [Xom's mischief]
  4621 | D:5      | Killed blubbertyp's ghost
  4621 | D:5      | Reached skill level 5 in Fighting
  4791 | D:5      | XOM: mild Chrm miscast
  4879 | D:5      | XOM: summons 2 hostile demons
  4891 | D:5      | HP: 14/80 [chaos spawn[Xom] (15)]
  4896 | D:4      | HP: 14/80 [poisoned by a chaos spawn]
  4901 | D:4      | HP: 15/80 [poisoned by a chaos spawn]
  4906 | D:4      | HP: 16/80 [poisoned by a chaos spawn]
  4914 | D:4      | HP: 19/80 [poisoned by a chaos spawn]
  5193 | D:6      | Found a staircase to the Ecumenical Temple.
  5193 | D:6      | XOM: swap monsters
  5194 | D:6      | XOM: repel stairs
  5196 | D:6      | XOM: enchant monster (bad)
  5223 | D:6      | Reached skill level 8 in Maces & Flails
  5251 | D:6      | XOM: harmless Pois miscast
  5289 | D:6      | XOM: summons friendly crimson imp
  5324 | D:6      | Reached skill level 3 in Dodging
  5400 | D:6      | Found a deep blue altar of Sif Muna.
  5714 | D:7      | Noticed RKaid's ghost (novice HaAM)
  5735 | D:7      | Killed RKaid's ghost
  5735 | D:7      | Reached XP level 9. HP: 50/89 MP: 8/8
  5820 | D:7      | Noticed Prince Ribbit
  5843 | D:7      | XOM: swap monsters
  5850 | D:7      | HP: 21/89 [Prince Ribbit (4)]
  5884 | D:7      | HP: 21/89 [wight/falchion (5)]
  5906 | D:7      | XOM: confuse monster(s)
  6041 | D:7      | Killed Prince Ribbit
  6092 | D:7      | Reached skill level 9 in Maces & Flails
  6111 | D:7      | XOM: 1-stop teleportation journey
  6130 | D:7      | Reached skill level 6 in Fighting
  6295 | D:7      | Noticed a two-headed ogre
  6306 | D:7      | Killed a two-headed ogre
  6306 | D:7      | Reached skill level 4 in Dodging
  6371 | D:7      | XOM: medium Pois miscast
  6600 | D:8      | XOM: confuse monster(s)
  6659 | D:8      | XOM: potion effect (experience)
  6659 | D:8      | Reached skill level 8 in Fighting
  6659 | D:8      | Reached skill level 12 in Maces & Flails
  6659 | D:8      | Reached XP level 10. HP: 103/103 MP: 9/9
  6716 | D:8      | XOM: potion effect (brilliance)
  6718 | D:8      | XOM: potion effect (haste)
  6735 | D:8      | XOM: smoke on damage
  6776 | D:8      | Noticed Pikel
  6780 | D:8      | Killed Pikel
  6857 | D:8      | Found a glowing golden altar of the Shining One.
  6860 | D:8      | Found a white marble altar of Elyvilon.
  6863 | D:8      | Found a hide-covered altar of Uskayaw.
  6886 | D:8      | Noticed Grum
  6900 | D:8      | XOM: divination: magic mapping
  6917 | D:8      | HP: 24/104 [Grum/glaive of flaming (23)]
  6932 | D:8      | Killed Grum
  6932 | D:8      | Reached XP level 11. HP: 29/112 MP: 10/10
  6962 | D:8      | Noticed Joseph
  6962 | D:8      | XOM: divination: detect creatures
  6966 | D:8      | HP: 28/112 [Joseph/sling bullet (8)]
  6973 | D:8      | XOM: divination: detect creatures
  6974 | D:8      | Killed Joseph
  6987 | D:8      | HP: 23/112 [phantom (2)]
  7188 | D:8      | Reached skill level 5 in Dodging
  7396 | D:8      | XOM: harmless Erth miscast
  7677 | D:9      | XOM: harmless Ice miscast
  7684 | D:9      | Noticed a two-headed ogre
  7693 | D:9      | Killed a two-headed ogre
  7705 | D:9      | Noticed a wizard
  7713 | D:9      | Killed a wizard
  7718 | D:9      | Noticed a centaur warrior
  7725 | D:9      | Killed a centaur warrior
  7749 | D:9      | XOM: harmless Pois miscast
  7974 | D:9      | Found a blossoming altar of Fedhas.
  7990 | D:9      | XOM: silly message
  8120 | D:9      | Noticed blubbertyp's ghost (novice FoFi)
  8146 | D:9      | XOM: cast spell 'Summon Butterflies'
  8162 | D:9      | XOM: enchant monster (bad)
  8163 | D:9      | XOM: enchant monster (good)
  8165 | D:9      | XOM: enchant monster (bad)
  8177 | D:9      | XOM: noise
  8178 | D:9      | XOM: cast spell 'Summon Mana Viper'
  8181 | D:9      | HP: 23/112 [blubbertyp's ghost (33)]
  8182 | D:9      | HP: 11/112 [blubbertyp's ghost (13)]
  8482 | D:9      | XOM: divination: detect items
  8674 | D:9      | Killed blubbertyp's ghost
  8782 | D:9      | XOM: cast spell 'Summon Butterflies'
  8788 | D:9      | Reached skill level 13 in Maces & Flails
  9016 | D:10     | Entered Level 10 of the Dungeon
  9040 | D:10     | XOM: noise
  9048 | D:10     | Reached skill level 9 in Fighting
  9056 | D:10     | XOM: enchant monster (bad)
  9061 | D:9      | XOM: harmless Fire miscast
  9328 | D:10     | RKaid: !ac 5
  9328 | D:10     | beem: 4.4 armour skill per 1 AC for 5 base AC
  9458 | D:10     | Reached skill level 6 in Dodging
  9550 | D:10     | XOM: swap monsters
  9649 | D:10     | Gained mutation: You expend magic power (3 MP) to strengthen your wands. [evolution]
  9649 | D:10     | Lost mutation: You evolve. [end of evolution]
 10147 | D:11     | Found a stormy altar of Qazlal.
 10236 | D:11     | Noticed a white ugly thing
 10378 | D:10     | Noticed a centaur warrior
 10391 | D:10     | Killed a centaur warrior
 10400 | D:10     | XOM: swap monsters
 10546 | D:11     | XOM: swap monsters
 10553 | D:11     | Killed a white ugly thing
 10608 | D:11     | Reached XP level 12. HP: 87/122 MP: 11/11
 10871 | D:11     | Reached skill level 4 in Throwing
 10943 | D:11     | Noticed Erolcha
 11074 | D:11     | Noticed Perturabo's ghost (journeyman MiFi)
 11079 | D:11     | XOM: blink monster(s)
 11101 | D:11     | Killed Perturabo's ghost
 11239 | D:11     | Noticed a two-headed ogre
 11240 | D:11     | XOM: stat loss: -1 Dex (8/9)
 11261 | D:11     | XOM: severe Chrm miscast
 11265 | D:11     | XOM: confusion
 11281 | D:11     | XOM: medium Hex miscast
 11289 | D:11     | XOM: harmless Hex miscast
 11303 | D:11     | XOM: confuse monster(s)
 11518 | D:11     | Found a roughly hewn altar of Beogh.
 11520 | D:11     | XOM: confuse monster(s)
 11540 | D:11     | XOM: destruction
 11555 | D:11     | XOM: summons 12 friendly demons
 11560 | D:11     | HP: 21/123 [orc warrior/halberd (20)]
 11625 | D:10     | XOM: give mutations
 11625 | D:10     | Gained mutation: Your flesh is cold resistant. (rC+) [Xom's grace]
 11625 | D:10     | Gained mutation: You are partially covered in icy blue scales. (AC +2) [Xom's grace]
 11625 | D:10     | Gained mutation: You are covered in thick fur. (AC +2) [Xom's grace]
 11756 | D:11     | XOM: enchant monster (good)
 11845 | D:11     | XOM: enchant monster (good)
 11929 | D:11     | XOM: enchant monster (good)
 11945 | D:11     | Killed Erolcha
 11945 | D:11     | Reached skill level 14 in Maces & Flails
 12063 | D:11     | XOM: cloud trail
 12354 | D:11     | Found a staircase to the Lair.
 12355 | D:11     | XOM: confuse monster(s)
 12374 | D:11     | XOM: scenery: 1 doors close
 12377 | Lair:1   | Entered Level 1 of the Lair of Beasts
 12396 | Lair:1   | XOM: stat loss: -1 Int (11/12)
 12424 | Lair:1   | Noticed Gastronok
 12466 | Lair:1   | XOM: mild Fire miscast
 12481 | Lair:1   | Killed Gastronok
 12481 | Lair:1   | Reached skill level 5 in Throwing
 12523 | Lair:1   | XOM: harmless Air miscast
 12543 | Lair:1   | XOM: cleaving
 12553 | Lair:1   | XOM: summons friendly crimson imp
 12581 | Lair:1   | Reached skill level 10 in Fighting
 12735 | Lair:1   | XOM: 2-stop teleportation journey
 12798 | Lair:1   | Noticed Erica
 12807 | Lair:1   | XOM: swap monsters
 12814 | Lair:1   | XOM: confusion (+ monsters)
 12827 | Lair:1   | Killed Erica
 12925 | Lair:1   | XOM: noise
 13446 | Lair:2   | Reached XP level 13. HP: 127/133 MP: 12/12
 13451 | Lair:2   | XOM: polymorph yak -> basilisk
 13455 | Lair:2   | XOM: summons 2 friendly demons
 13463 | Lair:2   | XOM: divination: detect items
 13540 | Lair:1   | XOM: harmless Pois miscast
 13561 | Lair:2   | XOM: torment (68/133 hp)
 13614 | Lair:2   | XOM: chaos cloud
 13666 | Lair:2   | XOM: enchant monster (good)
 13677 | Lair:2   | XOM: cast spell 'Cause Fear'
 13729 | Lair:2   | XOM: divination: magic mapping
 13828 | Lair:2   | XOM: blink monster(s)
 13835 | Lair:2   | XOM: summons 13 friendly demons
 14023 | Lair:2   | Reached skill level 15 in Maces & Flails
 14152 | Lair:2   | XOM: harmless Hex miscast
 14205 | Lair:2   | Found a staircase to the Shoals.
 14267 | Lair:2   | XOM: smoke on damage
 14433 | Lair:2   | XOM: god gift: 5 needles of frenzy
 14662 | Lair:3   | Reached skill level 7 in Dodging
 14852 | Lair:3   | XOM: scenery: create altars
 14933 | Lair:3   | HP: 24/135 [porcupine (11)]
 14944 | Lair:3   | HP: 31/135 [black mamba (6)]
 14953 | Lair:3   | HP: 30/135 [black mamba (7)]
 15027 | Lair:2   | XOM: scenery: create altars
 15082 | Lair:3   | XOM: scenery: 1 doors open, 1 doors close
 15147 | Lair:2   | XOM: scenery: create altars
 15838 | Lair:3   | XOM: enchant monster (good)
 15857 | Lair:3   | Noticed Sonja
 15872 | Lair:3   | Found a staircase to the Snake Pit.
 15921 | Lair:3   | XOM: divination: detect creatures
 15952 | Lair:3   | XOM: summons friendly iron imp
 15993 | Lair:3   | Learned a level 4 spell: Summon Lightning Spire
 15996 | Lair:3   | Learned a level 2 spell: Poisonous Vapours
 16008 | Lair:3   | XOM: divination: detect items
 16048 | Lair:3   | XOM: summons 3 hostile shadow creatures
 16105 | Lair:3   | Killed Sonja
 16786 | Lair:4   | XOM: divination: detect creatures
 17222 | Lair:5   | XOM: potion effect (invisibility)
 17247 | Lair:5   | Noticed dricus's ghost (journeyman MfGl)
 17247 | Lair:5   | XOM: potion effect (experience)
 17247 | Lair:5   | Reached skill level 3 in Summonings
 17247 | Lair:5   | Reached skill level 2 in Air Magic
 17247 | Lair:5   | Reached XP level 14. HP: 144/144 MP: 13/13
 17312 | Lair:5   | Reached skill level 6 in Throwing
 17331 | Lair:5   | XOM: harmless Ice miscast
 17336 | Lair:5   | XOM: potion effect (invisibility)
 17341 | Lair:5   | Reached skill level 3 in Air Magic
 17345 | Lair:5   | Found a frozen archway.
 17360 | IceCv    | Entered an ice cave
 17466 | IceCv    | XOM: harmless Erth miscast
 17520 | IceCv    | XOM: 4-stop teleportation journey
 17521 | IceCv    | Noticed a frost giant
 17612 | IceCv    | XOM: mild Necr miscast
 17652 | IceCv    | XOM: 5-stop teleportation journey
 17767 | IceCv    | XOM: blink monster(s)
 17769 | IceCv    | XOM: smoke on damage
 17770 | IceCv    | HP: 17/143 [frost giant/battleaxe of freezing (23)]
 17771 | IceCv    | Slain by a death yak

Vault maps used:
D:1:      dpeg_arrival_shrine
D:2:      gammafunk_temple_overflow_pools, kennysheep_crisscross
D:3:      uniq_terence, uniq_ijyb
D:4:      kennysheep_mini_moat, nicolae_dithmenos_through_a_glass_darkly,
          first_ration, uniq_crazy_yiuf_cottage
D:5:      lemuel_round_altar, elyvilon_altar_4
D:6:      temple_fountains, hex_tiny, led_sif_book
D:7:      uniq_prince_ribbit1
D:8:      grunt_temple_overflow_diamond, uniq_pikel, uniq_grum, uniq_joseph
D:9:      minmay_blocky_corners, fedhas_bush_and_centaur_altar
D:10:     cheibrodos_elevator_heist, hangedman_fish_farm
D:11:     grunt_lair_entry_orc_guard_hut, serial_aquarium,
          aquarium_bridge_square, aquarium_bridge_square, aquarium_window_2,
          aquarium_window_fake, aquarium_view_2d, aquarium_view_2c,
          aquarium_pool_five, special_room, nicolae_qazlal_general_emergency,
          uniq_erolcha
Lair:1:   grunt_forest_large_clearing_hut, uniq_erica, uniq_gastronok
Lair:2:   shoals_dummy_entry
Lair:3:   minmay_snake_entry_spellcaster, bh_chokoban, uniq_sonja
Lair:5:   portal_ice_cave_rime, grunt_megastairs_5
IceCv:    ice_cave_caverns_03

Skill      XL: |  1  2  3  4  5  6  7  8  9 10 11 12 13 14 |
---------------+-------------------------------------------+-----
Maces & Flails | 3 4 5 6 7 8 12 13 14 15 | 15.7
Fighting       | 3 4 5 8 9 10 | 10.9
Throwing       | 1 2 3 5 6 |  6.0
Dodging        | 3 4 6 7 |  7.1
Summonings     | 3 |  3.5
Air Magic      | 2 3 |  3.2

Action                   |  1- 3 |  4- 6 |  7- 9 | 10-12 | 13-15 || total
-------------------------+-------+-------+-------+-------+-------++-------
Melee: Mace              |   149 |   226 |    75 |       |       ||   450
       Giant club        |       |       |   195 |   431 |       ||   626
       Giant spiked club |       |       |       |   218 |   413 ||   631
 Fire: Blowgun           |       |     1 |    11 |    23 |     5 ||    40
Throw: Tomahawk          |       |       |     1 |       |    10 ||    11
       Large rock        |       |       |       |     5 |       ||     5
Evoke: Wand              |       |     2 |     6 |    18 |    19 ||    45
  Use: Potion            |       |     3 |     3 |     3 |     2 ||    11
       Scroll            |       |    10 |    10 |     4 |     7 ||    31
 Stab: Paralysed         |     3 |       |       |       |       ||     3
       Petrified         |     1 |       |       |       |       ||     1
       Confused          |       |       |     2 |     3 |       ||     5
       Distracted        |       |       |       |     1 |     1 ||     2
       Invisible         |       |       |       |       |     4 ||     4
  Eat: Chunk             |    14 |    17 |    33 |    64 |    40 ||   168
       Ration            |       |       |       |     1 |       ||     1
Armor: Robe              |    70 |    86 |   146 |    75 |       ||   377
       Skin              |       |     4 |       |       |       ||     4
       Troll leather arm |       |       |       |   189 |   250 ||   439
Dodge: Dodged            |   122 |   111 |   158 |   353 |   297 ||  1041

Table legend:
 A = Spawn XP
 B = Non-spawn XP
 C = Spawn XP percentage of total XP
 D = Spawn monster count
 E = Non-spawn monster count
 F = Spawn count percentage of total count
 G = Total turns spent on level
                    A         B        C        D         E        F      G
               +---------+---------+-------+---------+---------+-------+---------
         Total |       0 |   53148 |   0.0 |       0 |     410 |   0.0 | 17771
               +---------+---------+-------+---------+---------+-------+---------
           D:1 |       0 |      44 |   0.0 |       0 |      27 |   0.0 |   827
           D:2 |       0 |     260 |   0.0 |       0 |      28 |   0.0 |   733
           D:3 |       0 |      92 |   0.0 |       0 |      22 |   0.0 |   579
           D:4 |       0 |     706 |   0.0 |       0 |      27 |   0.0 |  1640
           D:5 |       0 |     932 |   0.0 |       0 |      15 |   0.0 |  1373
           D:6 |       0 |     457 |   0.0 |       0 |      16 |   0.0 |   498
           D:7 |       0 |    2254 |   0.0 |       0 |      20 |   0.0 |   991
           D:8 |       0 |    2871 |   0.0 |       0 |      26 |   0.0 |  1403
           D:9 |       0 |    4601 |   0.0 |       0 |      42 |   0.0 |  1183
          D:10 |       0 |    4851 |   0.0 |       0 |      26 |   0.0 |  1732
          D:11 |       0 |    5781 |   0.0 |       0 |      39 |   0.0 |  1418
        Lair:1 |       0 |    9795 |   0.0 |       0 |      33 |   0.0 |  1046
        Lair:2 |       0 |    5212 |   0.0 |       0 |      26 |   0.0 |  1408
        Lair:3 |       0 |    8020 |   0.0 |       0 |      27 |   0.0 |  1548
        Lair:4 |       0 |    1634 |   0.0 |       0 |       6 |   0.0 |   785
        Lair:5 |       0 |    2234 |   0.0 |       0 |      10 |   0.0 |   196
         IceCv |       0 |    3404 |   0.0 |       0 |      20 |   0.0 |   411
               +---------+---------+-------+---------+---------+-------+---------

Table legend:
 A = Turns spent in this place as a percentage of turns spent in the entire game.
 B = Non-inter-level travel turns spent in this place as a percentage of non-inter-level travel turns spent in the entire game.
 C = Inter-level travel turns spent in this place as a percentage of turns spent in this place.
 D = Turns resting spent in this place as a percentage of non-inter-level travel turns spent in this place.
 E = Turns spent auto-exploring this place as a percentage of non-inter-level travel turns spent in this place.
 F = Non-inter-level travel turns spent in this place divided by the number of levels of this place that you've seen.
                   A       B       C       D       E      F
               +-------+-------+-------+-------+-------+----------------------
         Total | 100.0 | 100.0 |   5.9 |  20.9 |  46.5 | 984.2
       Dungeon |  69.6 |  69.1 |   6.6 |  21.8 |  45.6 | 1051.5
          Lair |  28.0 |  28.4 |   4.6 |  17.7 |  50.9 | 950.8
      Ice Cave |   2.3 |   2.5 |   0.0 |  32.4 |  21.9 | 411.0
               +-------+-------+-------+-------+-------+----------------------

Table legend:
 A = Kills in this place as a percentage of kills in entire the game.
 B = Kills by you in this place as a percentage of kills by you in the entire game.
 C = Kills by friends in this place as a percentage of kills by friends in the entire game.
 D = Other kills in this place as a percentage of other kills in the entire game.
 E = Experience gained in this place as a percentage of experience gained in the entire game.
 F = Experience gained in this place divided by the number of levels of this place that you have seen.
                   A       B       C       D       E      F
               +-------+-------+-------+-------+-------+----------------------
         Total | 100.0 | 100.0 | 100.0 | 100.0 | 100.0 | 3126.4
       Dungeon |  70.2 |  69.4 |  88.9 |  66.7 |  43.0 | 2077.2
          Lair |  24.9 |  25.4 |  11.1 |  33.3 |  50.6 | 5379.0
      Ice Cave |   4.9 |   5.1 |   0.0 |   0.0 |   6.4 | 3404.0
               +-------+-------+-------+-------+-------+----------------------
